Map: Rorschach LE

Players

Ghost (Snute) - Winner!

  • Race: Terran Terran
  • League: Diamond

Blezer

  • Race: Terran Terran
  • League: Diamond

VOD

Have the link to the VOD?

Description

Time

  • Played on: June 22, 2026, 2:42 a.m.
  • Length: 15:17
Show
View Real Time Build Order
Export as new Build Order

Ghost Terran - Winner!

Build Orders:  

Get SALT Encoding   

  8  0:00  SCV  
  9  0:12  SCV  
  10  0:24  SCV  
  11  0:28  Supply Depot  
  11  0:37  SCV  
  12  0:51  Barracks  
  12  0:55  Refinery  
  12  1:01  SCV  
  13  1:10  Refinery  
  13  1:14  SCV  
  14  1:26  SCV  
  15  1:38  Reaper  
  16  1:46  Orbital Command  
  16  2:06  Factory  
  16  2:13  Marine  
  17  2:21  SCV  
  18  2:30  Supply Depot  
  18  2:40  SCV  
  19  2:49  Armory  
  19  2:50  Factory Tech Lab  
  19  2:56  Marine  
  20  3:03  SCV  
  21  3:11  Starport  
  21  3:23  SCV  
  22  3:37  Thor  
  28  3:51  Supply Depot  
  28  3:55  Medivac  
  28  4:19  Command Center  
  28  4:31  SCV  
  28  4:32  Marine  
  29  4:39  Thor  
  35  4:51  SCV  
  36  4:58  Marine  
  37  5:04  Supply Depot  
  37  5:10  Supply Depot  
  37  5:26  Medivac, SCV, Siege Tank  
  43  5:35  Orbital Command  
  43  5:38  SCV  
  44  5:46  Factory  
  44  5:50  SCV  
  45  6:02  SCV  
  46  6:04  Refinery  
  46  6:05  Refinery  
  46  6:12  Orbital Command  
  46  6:14  SCV  
  46  6:15  Siege Tank  
  50  6:19  Starport Reactor  
  50  6:27  SCV  
  50  6:31  Factory Tech Lab  
  51  6:34  Command Center  
  51  6:39  SCV  
  52  6:43  SCV  
  53  6:50  Barracks Reactor  
  53  6:51  SCV  
  54  6:55  SCV  
  54  6:56  Siege Tank  
  58  7:03  SCV  
  58  7:07  SCV  
  60  7:09  Viking  
  60  7:15  SCV  
  63  7:22  SCV  
  63  7:23  Viking  
  63  7:26  Supply Depot x2  
  63  7:27  SCV, Supply Depot  
  66  7:39  SCV  
  61  7:48  SCV, Siege Tank, Viking  
  67  7:53  Viking  
  67  8:01  Siege Tank  
  70  8:06  SCV  
  70  8:08  SCV  
  70  8:11  Orbital Command  
  70  8:12  Marine x2  
  72  8:18  SCV  
  74  8:20  SCV  
  74  8:21  Viking  
  74  8:23  Viking, Engineering Bay  
  79  8:30  Siege Tank, Marine x2  
  79  8:33  SCV  
  87  8:44  Siege Tank, SCV  
  87  8:48  Marine x2  
  91  8:49  SCV  
  91  8:50  Barracks  
  91  8:51  Barracks  
  92  9:00  Terran Vehicle Weapons Level 1  
  92  9:06  Marine x2  
  92  9:08  SCV  
  81  9:10  Terran Infantry Weapons Level 1  
  81  9:14  Siege Tank  
  81  9:16  Missile Turret  
  84  9:19  Missile Turret, Orbital Command  
  84  9:23  Marine x2  
  84  9:24  SCV  
  87  9:27  Missile Turret  
  87  9:28  Missile Turret  
  87  9:31  SCV  
  88  9:32  Medivac  
  88  9:33  Sensor Tower, Missile Turret  
  88  9:36  Missile Turret  
  88  9:37  SCV  
  91  9:41  Siege Tank, Marine x2  
  91  9:45  Barracks Tech Lab x2  
  96  9:48  SCV x2  
  96  9:49  SCV  
  99  9:59  Marine x2  
  101  10:00  SCV x2  
  101  10:03  Supply Depot  
  101  10:04  Supply Depot  
  101  10:06  Refinery x2, Combat Shield, Stimpack  
  103  10:09  Supply Depot  
  103  10:21  Supply Depot x2  
  103  10:24  Marine x3, SCV x2  
  103  10:25  Engineering Bay  
  103  10:26  Siege Tank, Marine  
  112  10:29  SCV  
  113  10:36  Viking x2, SCV  
  113  10:37  SCV  
  113  10:38  Barracks  
  113  10:39  Barracks  
  113  10:41  SCV  
  113  10:42  Marine x3  
  123  10:49  SCV x2  
  125  10:50  Marine  
  125  10:53  SCV  
  125  10:56  Siege Tank  
  130  11:00  Marine x3  
  130  11:01  SCV x2  
  130  11:02  Terran Infantry Armor Level 1  
  134  11:05  SCV  
  134  11:08  Marine, Viking  
  138  11:13  SCV  
  138  11:17  Medivac, Marine  
  138  11:18  Marine  
  143  11:20  Supply Depot  
  143  11:23  Terran Vehicle Weapons Level 2, Supply Depot  
  143  11:38  Terran Infantry Weapons Level 2  
  143  11:39  Supply Depot  
  143  11:40  Supply Depot  
  143  11:42  Barracks Reactor, Marine, Medivac  
  146  11:47  Medivac  
  146  11:51  Barracks Reactor  
  147  11:55  Marine x3  
  147  11:56  Command Center, Siege Tank  
  147  12:00  Marine  
  153  12:09  SCV  
  153  12:12  Siege Tank, Medivac  
  153  12:13  Marine x3  
  161  12:17  Marine  
  161  12:29  Siege Tank  
  164  12:31  Marine x3  
  164  12:32  Starport  
  167  12:37  Starport  
  167  12:39  Marine x2  
  167  12:40  Marine x3  
  175  12:44  Siege Tank  
  175  12:46  Barracks  
  175  12:47  Barracks  
  175  12:48  Barracks  
  175  12:57  Supply Depot  
  175  12:58  Supply Depot  
  175  13:01  Viking  
  175  13:03  Viking  
  163  13:14  Marine  
  163  13:15  Marine x7, Siege Tank  
  163  13:16  Siege Tank  
  177  13:22  Supply Depot  
  177  13:29  Starport Reactor  
  177  13:32  Marine x5  
  177  13:33  Marine x2  
  184  13:35  Refinery  
  184  13:40  Refinery  
  184  13:44  Sensor Tower, Viking  
  184  13:45  Viking  
  184  13:47  Siege Tank  
  184  13:48  Siege Tank  
  189  13:58  Marine x4  
  189  14:01  Starport Reactor  
  193  14:05  Planetary Fortress  
  193  14:12  SCV  
  193  14:14  Viking  
  193  14:15  Viking  
  198  14:18  Missile Turret x2  
  198  14:21  Missile Turret  
  198  14:24  Missile Turret, Medivac  
  198  14:28  Barracks Reactor x2  
  198  14:29  Barracks Reactor  
  200  14:37  Command Center  
  194  14:41  Missile Turret  
  194  14:43  Command Center  
  194  14:44  Viking  
  187  14:55  Marine x5  
  187  14:56  Marine x3  
Show
View Real Time Build Order
Export as new Build Order

Blezer Terran 

Build Orders:  

Get SALT Encoding   

  8  0:02  SCV  
  9  0:14  SCV  
  10  0:27  SCV  
  11  0:39  SCV  
  12  0:43  Supply Depot  
  12  0:51  SCV  
  13  1:04  SCV  
  13  1:07  Barracks  
  14  1:11  Refinery  
  14  1:18  Refinery, SCV  
  15  1:30  SCV  
  16  1:42  SCV  
  17  1:55  Reaper  
  17  1:57  Supply Depot, Orbital Command  
  18  2:12  Factory  
  18  2:23  SCV  
  18  2:28  Barracks Reactor  
  19  2:40  SCV  
  20  2:57  Hellion  
  22  3:04  SCV  
  22  3:05  Command Center  
  23  3:06  Reaper  
  23  3:07  Reaper  
  25  3:19  Hellion, SCV  
  28  3:28  Starport  
  28  3:31  SCV  
  29  3:41  Factory Tech Lab  
  29  3:48  Supply Depot  
  29  4:09  Marine x2, SCV, Cyclone  
  35  4:19  Starport Tech Lab  
  35  4:21  Orbital Command, SCV  
  36  4:29  Marine x2  
  37  4:34  Barracks  
  37  4:35  Barracks  
  37  4:39  Interference Matrix  
  37  4:44  Raven  
  40  4:53  SCV  
  40  5:01  Cyclone  
  40  5:05  SCV  
  44  5:10  Marine x2  
  46  5:19  Raven  
  48  5:21  SCV  
  47  5:36  Marine x2  
  47  5:37  Barracks Tech Lab, Barracks Reactor  
  49  5:46  SCV  
  50  5:50  Engineering Bay x2  
  50  6:01  Supply Depot x2  
  50  6:13  Stimpack  
  50  6:22  Marine x4  
  50  6:23  Terran Infantry Weapons Level 1, SCV  
  55  6:30  Refinery x2  
  55  6:31  SCV  
  56  6:35  SCV  
  57  6:40  Marine x2, Siege Tank  
  57  6:43  SCV  
  63  6:47  SCV  
  63  6:51  Supply Depot  
  64  6:55  SCV  
  64  6:59  Combat Shield  
  65  7:23  Marine x4  
  69  7:41  Marine x3  
  68  8:11  Viking x2  
  72  8:20  SCV  
  72  8:25  Terran Infantry Armor Level 1  
  73  8:28  Armory  
  73  8:31  Command Center x2  
  73  8:32  SCV  
  74  8:50  Supply Depot  
  74  8:52  Supply Depot  
  74  8:59  SCV  
  74  9:02  Viking, Orbital Command  
  74  9:04  Viking  
  72  9:12  SCV  
  73  9:24  SCV  
  74  9:28  Marine  
  75  9:32  Medivac  
  75  9:34  Medivac  
  75  9:36  SCV  
  80  9:44  Orbital Command  
  80  9:45  Refinery  
  80  9:46  Refinery  
  80  9:47  SCV  
  80  9:48  SCV  
  82  9:54  Orbital Command  
  82  9:56  Marine  
  83  10:15  Terran Infantry Weapons Level 2  
  83  10:16  Marine x4  
  83  10:20  Terran Infantry Armor Level 2  
  87  10:25  Barracks, SCV x3  
  90  10:29  SCV  
  90  10:35  Barracks  
  91  10:37  SCV x3  
  94  10:44  Terran Ship Weapons Level 1  
  94  10:46  Starport  
  94  10:51  Orbital Command  
  95  10:57  SCV x3  
  97  11:09  SCV x3  
  97  11:10  Liberator  
  97  11:11  Liberator  
  108  11:14  Barracks Reactor  
  106  11:21  SCV x3  
  106  11:23  Barracks Reactor  
  109  11:29  Barracks Reactor  
  109  11:30  Marine x2  
  111  11:35  Fusion Core  
  111  11:44  Liberator  
  114  11:48  Marine  
  114  11:49  Marauder  
  114  11:51  SCV  
  114  11:52  SCV x3, Barracks x2  
  121  11:54  Refinery x2  
  121  12:03  SCV  
  121  12:04  SCV x2  
  124  12:17  Supply Depot x2  
  124  12:30  Advanced Ballistics  
  124  12:33  Sensor Tower  
  124  12:35  Supply Depot, Terran Infantry Weapons Level 3, Sensor Tower  
  124  12:38  Marine x3  
  124  12:39  SCV x2  
  124  12:41  SCV x2  
  133  12:44  Sensor Tower  
  133  12:46  Marine  
  133  12:47  Marine x2  
  133  12:48  Liberator  
  133  12:51  SCV x2, Liberator  
  139  12:53  SCV  
  139  12:54  Supply Depot  
  139  12:55  SCV, Supply Depot  
  143  13:03  SCV  
  124  13:05  Marine x2  
  124  13:06  Marine  
  124  13:11  Marine x2  
  125  13:14  Marine x2, Marauder  
  125  13:15  Siege Tank, Liberator x2  
  138  13:30  Marine x4  
  138  13:31  Marine x2  
  138  13:32  Marauder  
  145  13:34  Barracks Reactor  
  145  13:35  Barracks Reactor  
  145  13:36  Marauder  
  147  13:42  Caduceus Reactor  
  147  13:47  Marine  
  147  13:48  Marine x2  
  128  14:05  Marine x5  
  133  14:18  Marine x2  
  133  14:19  Marine x3  
  133  14:20  Siege Tank  
  133  14:22  Viking x4  
  133  14:23  Marauder  
  133  14:24  Marauder  
  153  14:45  Marauder  
  130  14:53  Marine  
  130  14:54  Marine x2  
  130  14:59  Marine x4  
Tags
 
Add a new tag
Caveats
  • Supply blocks, unpowered buildings, or Contaminate may cause inaccurate times.
  • Supply counts are checked every 10 seconds.